 Dungeon Crawl Stone Soup version 0.21.1-1-g345015f (webtiles) character file.

1360 Fang the Skirmisher (level 8, -20/76 HPs)
             Began as a Gargoyle Berserker on May 11, 2018.
             Was a Priest of Trog.
             Demolished by an orc warrior
             ... wielding a +0 halberd
              (22 damage)
             ... on level 6 of the Dungeon.
             The game lasted 00:07:08 (4760 turns).

Fang the Skirmisher (Gargoyle Berserker)            Turns: 4760, Time: 00:07:09

Health: -20/76     AC:  8    Str: 27    XL:     8   Next: 64%
Magic:  8/8        EV: 13    Int:  9    God:    Trog [***...]
Gold:   347        SH:  0    Dex:  9    Spells: 7/7 levels left

rFire    . . .     SeeInvis .   u - +4 quarterstaff (chaos)
rCold    . . .     Gourm    .   (shield currently unavailable)
rNeg     + . .     Faith    .   b - +0 animal skin
rPois    ∞         Spirit   .   (no helmet)
rElec    +         Reflect  .   v - +0 cloak {rPois}
rCorr    .         Harm     .   (no gloves)
MR       .....                  (no boots)
Stlth    ..........             (no amulet)
HPRegen  0.22/turn              (no ring)
MPRegen  0.11/turn              (no ring)

@: berserking (expiring), very quick
A: negative energy resistance 1, electricity resistance, unbreathing,
petrification resistance, rot immunity, AC +5
a: Berserk, Trog's Hand, Burn Spellbooks, Renounce Religion


You were on level 6 of the Dungeon.
You worshipped Trog.
Trog was most pleased with you.
You were near starving.

You visited 1 branch of the dungeon, and saw 6 of its levels.

You collected 347 gold pieces.

Inventory:

Hand Weapons
 a - a +0 hand axe
 u - a +4 quarterstaff of chaos (weapon)
Missiles
 n - 8 javelins (quivered)
Armour
 b - a +0 animal skin (worn)
 v - a +0 cloak of poison resistance (worn)
Wands
 d - a wand of disintegration (7)
 p - a wand of digging (9)
Scrolls
 f - 9 scrolls of teleportation
 i - a scroll of fog
Potions
 e - 2 potions of curing
 h - a potion of resistance
 j - a potion of lignification
 k - a potion of berserk rage {unknown}
 l - 3 potions of cancellation
 m - a potion of might
 o - 2 potions of haste
 s - a potion of flight
 w - 3 potions of brilliance {unknown}
Comestibles
 c - 7 rations


   Skills:
 + Level 6.2 Fighting
 + Level 6.0 Axes
 + Level 4.0 Staves
 + Level 2.3 Armour
 + Level 4.3 Dodging
 + Level 1.9 Stealth


You had 7 spell levels left.
You didn't know any spells.

Dungeon Overview and Level Annotations

Branches:
Dungeon (6/15)             Temple (0/1) D:5

Altars:
Ashenzari
Xom
Yredelemnul

Shops:
D:4 %


Innate Abilities, Weirdness & Mutations

You are resistant to torment.
Your stone body is resilient. (AC +5)
You are immune to poison.
You resist negative energy. (rN+)
You are resistant to electric shocks. (rElec)
You can survive without breathing.
You are immune to petrification.
You are immune to rotting.


Message History

You hit the scorpion.
The scorpion flickers and vanishes!
Something stings you.
* * * LOW HITPOINT WARNING * * *
The wight completely misses you. The wight hits you but does no damage.
Unknown command.
You sock something! Trog accepts your kill.
Reactivating autopickup.
Your Staves skill increases to level 4!
You feel a bit more experienced.
Unknown command.
You sock the wight!
The wight flickers and vanishes!
Deactivating autopickup; reactivate with Ctrl-A.
The wight misses you.
The wight hits you with an enchanted great sword.
* * * LOW HITPOINT WARNING * * *
Something hits you.
* * * LOW HITPOINT WARNING * * *
You closely miss something.
The orc warrior hits you from afar with a halberd!!
You die...

## ## .# #../.. #. .##
..#<# . ..## #.#.# .# #
...##########.#.####.##..
.............!...........
..".####### #...#c.......
..#....# #..#zn(.....
.#####.## ###.@{zZ.....
.#####..#####....#o......
........#.....#.##.......
######..#.....#..#......#
#..#..).###.#.......
#.......# .......## #
##.#....# #.###<.# #
#......# .. .## #
##.....# #.#


You could see an orc warrior, a necrophage, a centaur, 2 wights and a quokka
skeleton.

Vanquished Creatures
  The ghost of Golfball the Chopper, an amateur HOFi (D:3)
  2 phantoms
  4 ogres (D:4)
  A scorpion (D:6)
  A water moccasin skeleton (D:6)
  A howler monkey (D:6)
  3 crimson imps
  A bullfrog zombie (D:5)
  2 orc priests
  Crazy Yiuf (D:3)
  A hound (D:4)
  Terence (D:2)
  An orc wizard (D:4)
  3 worker ants
  9 adders
  2 oozes
  2 worms (D:3)
  A dart slug (D:2)
  4 leopard geckos
  10 orcs
  10 bats
  6 giant cockroaches
  4 goblins
  7 hobgoblins
  3 jackals (D:2)
  9 kobolds
  4 quokkas
  4 frilled lizards
  A leopard gecko zombie (D:5)
  10 rats
109 creatures vanquished.

Notes
Turn   | Place    | Note
-------+----------+-------------------------------------------
     0 | D:1      | Fang the Gargoyle Berserker began the quest for the Orb.
     0 | D:1      | Reached XP level 1. HP: 14/14 MP: 1/1
    40 | D:1      | Reached XP level 2. HP: 17/19 MP: 2/2
   835 | D:2      | Reached XP level 3. HP: 18/24 MP: 3/3
   897 | D:2      | Noticed Terence
   912 | D:2      | Killed Terence
   912 | D:2      | Reached XP level 4. HP: 26/29 MP: 4/4
   912 | D:2      | Reached ** piety under Trog
  1324 | D:2      | Found a shimmering altar of Xom.
  1498 | D:3      | Noticed Golfball's ghost (amateur HOFi)
  1506 | D:3      | Killed Golfball's ghost
  1506 | D:3      | Reached XP level 5. HP: 34/34 MP: 5/5
  1506 | D:3      | Reached XP level 6. HP: 39/39 MP: 6/6
  1891 | D:3      | Reached skill level 5 in Axes
  1983 | D:3      | Reached *** piety under Trog
  1983 | D:3      | Reached skill level 1 in Stealth
  2400 | D:3      | Found a runed door.
  2404 | D:3      | Noticed Crazy Yiuf
  2413 | D:3      | Killed Crazy Yiuf
  2413 | D:3      | Reached XP level 7. HP: 29/44 MP: 7/7
  2703 | D:4      | Reached skill level 5 in Fighting
  2874 | D:4      | Reached skill level 1 in Staves
  2890 | D:4      | Reached XP level 8. HP: 38/50 MP: 8/8
  3443 | D:4      | Found a shattered altar of Ashenzari.
  3454 | D:4      | Found Figair's Food Boutique.
  3767 | D:5      | Entered Level 5 of the Dungeon
  3916 | D:5      | Found a staircase to the Ecumenical Temple.
  4514 | D:5      | Found a basalt altar of Yredelemnul.
  4759 | D:6      | HP: 3/76 [wight/enchanted great sword (2)]
  4759 | D:6      | HP: 1/76 [something (2)]
  4760 | D:6      | Demolished by an orc warrior

Skill      XL: |  1  2  3  4  5  6  7  8 |
---------------+-------------------------+-----
Axes           | 3 4 5 6 |  6.0
Dodging        | 2 3 4 |  4.3
Fighting       | 4 5 6 |  6.2
Stealth        | 1 |  1.9
Staves         | 1 4 |  4.0
Armour         | |  2.3

Action                   |  1- 3 |  4- 6 |  7- 9 || total
-------------------------+-------+-------+-------++-------
Melee: Hand axe          |    76 |   243 |       ||   319
       Quarterstaff      |       |       |   139 ||   139
Invok: Berserk           |     2 |     4 |     2 ||     8
  Use: Potion            |       |       |     2 ||     2
       Scroll            |       |       |    16 ||    16
 Stab: Sleeping          |       |     1 |       ||     1
  Eat: Chunk             |     1 |     2 |     6 ||     9
       Ration            |       |     2 |     1 ||     3
Armor: Animal skin       |    30 |    84 |    68 ||   182
Dodge: Dodged            |    75 |   160 |   139 ||   374
